 Dungeon Sprint DCSS version 0.17-a0-1830-g81820eb (webtiles) character file.

254 nuthulu the Shield-Bearer (level 6, -6/44 HPs)
             Began as a Gargoyle Fighter on Sept 13, 2015.
             Mangled by a human (10 damage)
             ... in the Dungeon (Sprint III: "The Ten Rune Challenge").
             The game lasted 00:01:42 (403 turns).

nuthulu the Shield-Bearer (Gargoyle Fighter)         Turns: 403, Time: 00:01:42

Health: -6/44      AC: 13    Str: 21    XL:     6   Next: 15%
Magic:  6/6        EV:  8    Int:  9    God:
Gold:   23         SH: 11    Dex: 11    Spells: 0 memorised, 5 levels left

rFire  . . .     SeeInvis .     a - +0 flail
rCold  . . .     Clarity  .     b - +0 scale mail
rNeg   + . .     SustAt   .     c - +0 shield
rPois  ∞         Gourm    .     (no helmet)
rElec  +         Spirit   .     j - +0 cloak
rCorr  .         Warding  .     (no gloves)
rMut   .         NoTele   +     (no boots)
MR     .....                    (no amulet)
Stlth  ..........               (no ring)
                                (no ring)

@: very slightly contaminated, hasted (expiring), very quick, not resistant to
hostile enchantments, extremely unstealthy
A: negative energy resistance 1, electricity resistance, strong 1, unbreathing,
petrification resistance, rot immunity, MP-powered wands, AC +4
a: no special abilities


You were in the Dungeon.
You were not hungry.

You visited 1 branch You collected 23 gold pieces.

Inventory:

Hand weapons
 a - a +0 flail (weapon)
Armour
 b - a +0 scale mail (worn)
 c - a +0 shield (worn)
 j - a +0 cloak (worn)
Scrolls
 k - a scroll of blinking
 m - a scroll of holy word
 o - 3 scrolls of remove curse
Potions
 d - 2 potions of mutation
 f - 2 potions of curing
 h - a potion of haste
 i - 2 potions of magic
 q - 3 potions of flight
Comestibles
 e - a bread ration
 l - 2 chunks of flesh
 p - 2 royal jellies


   Skills:
 + Level 7.4 Fighting
 + Level 6.3 Maces & Flails
 + Level 7.5 Armour
 + Level 7.5 Shields


You had 5 spell levels left.
You didn't know any spells.

Dungeon Overview and Level Annotations

Branches:
Dungeon (1/1)

Altars:
Okawaru
Trog


Innate Abilities, Weirdness & Mutations

You are resistant to torment.
Your stone body is resilient (AC +4).
You are immune to poison.
You resist negative energy.
You are resistant to electric shocks.
You can survive without breathing.
You are immune to petrification.
You are immune to rotting.
Your muscles are strong. (Str +2)
You expend magic power (3 MP) to strengthen your wands.


Message History

Your Armour skill increases to level 7!
Your Shields skill increases to level 7!
You have reached level 6!
Your experience leads to an increase in your attributes!
Your base attributes are Str 19, Int 9, Dex 10.
Increase (S)trength, (I)ntelligence, or (D)exterity?
You feel agile. You block the human's attack.
Your extra speed is starting to run out.
The human hits you!
* * * LOW HITPOINT WARNING * * *
You see here a hand axe.
You hit the human.
The human is heavily wounded.
You block the human's attack.
Unknown command.
You closely miss the human.
The human is heavily wounded.
The human hits you!
You die...

▓ ▓▓▓ #### ##.# #####
...#####..# #_p.#
....#..#..# #.@.#
#...#..#..###+#'###+##
##..##+#..#..........#
##..###...+.⌠........#
#..####...#...######+#
#..###....#.⌠.#
.[.##.....#...#
...#......#+###
.##.#.....#


You could see a human.

Vanquished Creatures
  A water elemental (D)
  Jessica (D)
  A wolf (D)
  2 humans (D)
  3 rats (D)
8 creatures vanquished.

Vanquished Creatures (others)
  2 draconian scorchers (D)
  A yaktaur (D)
  A fire drake (D)
  5 plants (D)
9 creatures vanquished.

Grand Total: 17 creatures vanquished

Notes
Turn   | Place    | Note
--------------------------------------------------------------
     0 | D        | nuthulu the Gargoyle Fighter began the quest for the Orb.
     0 | D        | Reached XP level 1. HP: 14/14 MP: 1/1
    41 | D        | Noticed Jessica
    55 | D        | Killed Jessica
    55 | D        | Reached skill level 4 in Fighting
    55 | D        | Reached XP level 2. HP: 13/20 MP: 2/2
    55 | D        | Reached XP level 3. HP: 15/24 MP: 3/3
   169 | D        | Noticed a wolf
   177 | D        | Killed a yaktaur
   181 | D        | Reached skill level 5 in Fighting
   181 | D        | Reached skill level 5 in Armour
   185 | D        | Killed a white draconian scorcher
   185 | D        | Killed a white draconian scorcher
   191 | D        | Killed a wolf
   191 | D        | Reached skill level 5 in Shields
   191 | D        | Reached XP level 4. HP: 22/31 MP: 4/4
   229 | D        | Killed a fire drake
   288 | D        | Gained mutation: You expend magic power (3 MP) to strengthen your wands. [potion of mutation]
   288 | D        | Gained mutation: Your muscles are strong. (Str +2) [potion of mutation]
   295 | D        | Noticed a water elemental
   303 | D        | Killed a water elemental
   303 | D        | Reached skill level 6 in Fighting
   303 | D        | Reached skill level 5 in Maces & Flails
   303 | D        | Reached XP level 5. HP: 36/36 MP: 5/5
   355 | D        | Found an iron altar of Okawaru.
   355 | D        | Found a bloodstained altar of Trog.
   355 | D        | Noticed a human
   358 | D        | Noticed a human
   400 | D        | Killed a human
   400 | D        | Reached skill level 7 in Fighting
   400 | D        | Reached XP level 6. HP: 15/44 MP: 6/6
   403 | D        | Mangled by a human

Vault maps used:
D:        dungeon_sprint_mu

Action                   |  1- 3 |  4- 6 || total
-------------------------+-------+-------++-------
Melee: Unarmed           |     9 |       ||     9
       Flail             |    22 |    31 ||    53
  Use: Potion            |     1 |     4 ||     5
       Scroll            |       |     3 ||     3
